 Dungeon Crawl Stone Soup version 0.27-a0-637-g3a9f0a9c12 (webtiles) character file.

Game seed: 6905322583779239227

671 siradein the Slicer (level 7, 0/49 HPs)
             Began as a Vampire Brigand on Mar 15, 2021.
             Succumbed to kobold brigand's curare-tipped dart
             ... in a sewer.
             The game lasted 00:33:14 (4230 turns).

siradein the Slicer (Vampire Brigand)               Turns: 4230, Time: 00:33:14

Health: 0/49       AC: 10    Str: 17    XL:     7   Next: 32%
Magic:  7/7        EV:  6    Int: 10    God:
Gold:   222        SH:  5    Dex: 16    Spells: 6/6 levels left

rFire    . . .     SeeInvis +   w - +7 war axe "Ofunut" {freeze, +Inv rN+ Int-4}
rCold    . . .     Faith    .   x - +2 buckler
rNeg     + . .     Spirit   .   n - +0 chain mail
rPois    .         Reflect  .   u - +1 hat
rElec    .         Harm     .   c - +0 cloak
rCorr    .         Rampage  .   (no gloves)
Will     .....                  (no boots)
Stlth    ..........             (no amulet)
HPRegen  0.36/turn              g - +6 ring of strength
MPRegen  0.10/turn              (no ring)

@: lethally poisoned (0 -> -23), regenerating quickly, slowed, very slow
A: alive, fangs 3, see invisible, unbreathing 1, vampiric 2
a: Exsanguinate, Evoke Invisibility


You were in a sewer.
You visited 1 branch of the dungeon, and saw 5 of its levels.
You also visited: Sewer.

You collected 222 gold pieces.

Inventory:

Hand Weapons
 h - a +2 dagger of venom
 w - the +7 war axe "Ofunut" (weapon) {freeze, +Inv rN+ Int-4}
   (You found it on level 4 of the Dungeon)

   It has been specially enchanted to freeze those struck by it, causing extra
   injury to most foes and up to half again as much damage against particularly
   susceptible opponents.
   It can also slow down cold-blooded creatures.
   It affects your intelligence (-4).
   It protects you from negative energy.
   It lets you turn invisible.
Missiles
 d - 33 poisoned darts (quivered)
 e - 2 curare-tipped darts
Armour
 c - a +0 cloak (worn)
 n - a +0 chain mail (worn)
 u - a +1 hat (worn)
 x - a +2 buckler (worn)
 y - a scarf of shadows
Jewellery
 g - a +6 ring of strength (right hand)
Wands
 f - a wand of charming (7)
Scrolls
 a - 6 scrolls of teleportation
 b - 3 scrolls of fear
 j - a scroll of blinking {unknown}
 k - 2 scrolls of enchant armour {unknown}
 l - 3 scrolls of enchant weapon {unknown}
 s - a scroll of amnesia {unknown}
Potions
 i - 3 potions of curing
 m - a potion of flight
 o - 3 potions of haste
 p - 2 potions of heal wounds
 q - a potion of magic {unknown}
 r - 3 potions of lignification {unknown}
 t - a potion of cancellation {unknown}
 v - 3 potions of degeneration {unknown}
 A - 2 potions of brilliance {unknown}


   Skills:
 - Level 1.7 Fighting
 + Level 9.1 Short Blades
 - Level 1.5 Throwing
 - Level 1.1 Dodging
 - Level 5.8 Stealth


You had 6 spell levels left.
You didn't know any spells.
Your spell library was empty.

Dungeon Overview and Level Annotations

Branches:
Dungeon (5/15)              Sewer (1/1)
 Temple: D:4-7

Altars:
Cheibriados
Elyvilon
Trog
Uskayaw
Wu Jian
Xom

Annotations:
D:4 1 runed translucent door, ardl's ghost, novice GrBr


Innate Abilities, Weirdness & Mutations

Your natural rate of healing is unusually fast.
You have razor-sharp teeth.
You have supernaturally acute eyesight. (SInv)
You can survive without breathing.
You are afflicted with vampirism and can become a bat while bloodless.


Message History

The poisoned dart closely misses you.
The kobold brigand throws a curare-tipped dart.
The curare-tipped dart barely misses you.
The kobold brigand throws a poisoned dart.
The poisoned dart hits you!
You are poisoned.
You feel sick.
The kobold brigand throws a curare-tipped dart.
The curare-tipped dart hits you.
You are more poisoned.
You feel yourself slow down.
The kobold brigand throws a poisoned dart.
The poisoned dart hits you!
You are more poisoned.
You feel very sick.
The kobold brigand throws a curare-tipped dart.
The curare-tipped dart hits you.
You are more poisoned.
You feel as though you will be slow longer.
You block the kobold brigand's attack.
You barely miss the kobold brigand. Your bite misses the kobold brigand.
You hit the kobold brigand but do no damage.
You feel extremely sick. The kobold brigand closely misses you.
The kobold brigand hits you.
The kobold brigand hits you but does no damage.
You block the kobold brigand's attack.
You slash the kobold brigand! You freeze the kobold brigand.
The kobold brigand is heavily wounded.
You hit the kobold brigand. You freeze the kobold brigand.
You feel very sick.
The kobold brigand hits you but does no damage.
You are electrocuted!!
* * * LOW HITPOINT WARNING * * *
The kobold brigand closely misses you.
The kobold brigand hits you but does no damage. x2
The kobold brigand hits you with a +0 whip of electrocution.
* * * LOW HITPOINT WARNING * * *
You are electrocuted!
* * * LOW HITPOINT WARNING * * *
You die...

##≈## ##≈## #
##.≈≈## ##≈..##
#####..≈..####.....#
≈≈≈≈≈≈.≈..≈≈≈≈.≈..≈#
#####.....####....≈#
# ##...## ##..≈##
##≈## ##.## #≈# #.#
#≈# #@# ##≈## #.# #
##.≈.## #KK#
#####≈....# #.≈!.
≈≈≈≈≈≈....# #.!..#
#####..≈..# ##...# #
##...## ##.## #####
###


You could see 2 kobold brigands.

Vanquished Creatures
  A kobold brigand (Sewer)
  A scorpion (D:4)
  2 orc priests (D:3)
  A hound (D:4)
  A bullfrog skeleton (D:4)
  A worker ant (D:4)
  An orc wizard (D:3)
  4 gnolls (D:4)
  9 adders
  4 river rats
  5 oozes (Sewer)
  An adder skeleton (D:4)
  5 worms
  4 dart slugs
  5 leopard geckos
  21 orcs
  6 ball pythons
  15 bats
  7 giant cockroaches
  13 goblins
  22 hobgoblins
  11 jackals
  9 kobolds
  2 quokkas
  3 frilled lizards
  9 rats
163 creatures vanquished.

Notes
Turn   | Place    | Note
-------+----------+-------------------------------------------
     0 | D:1      | siradein the Vampire Brigand began the quest for the Orb.
     0 | D:1      | Reached XP level 1. HP: 16/16 MP: 1/1
   135 | D:1      | Reached skill level 3 in Short Blades
   135 | D:1      | Reached XP level 2. HP: 14/22 MP: 2/2
   414 | D:1      | Gained mutation: You are afflicted with vampirism and can
                  | become a bat while bloodless. [Vampire growth]
   414 | D:1      | Reached XP level 3. HP: 27/27 MP: 3/3
   543 | D:1      | Reached skill level 4 in Short Blades
  1362 | D:2      | Reached XP level 4. HP: 33/33 MP: 4/4
  1529 | D:2      | Reached skill level 5 in Short Blades
  2146 | D:3      | Reached skill level 6 in Short Blades
  2146 | D:3      | Reached XP level 5. HP: 26/38 MP: 5/5
  2889 | D:4      | Reached skill level 7 in Short Blades
  2889 | D:4      | Reached XP level 6. HP: 44/44 MP: 6/6
  2990 | D:4      | Identified the +7 war axe "Ofunut" {freeze, +Inv rN+ Int-4}
  3077 | D:4      | Found a runed translucent door.
  3080 | D:4      | Noticed ardl's ghost (novice GrBr)
  3199 | D:4      | Found a snail-covered altar of Cheibriados.
  3401 | D:4      | Reached skill level 8 in Short Blades
  3645 | D:4      | Found a stormy altar of Qazlal.
  3646 | D:4      | Found a bloodstained altar of Trog.
  3646 | D:4      | Found a shimmering altar of Xom.
  3649 | D:4      | Found an ornate altar of the Wu Jian Council.
  3649 | D:4      | Found a hide-covered altar of Uskayaw.
  3659 | D:4      | Reached XP level 7. HP: 42/49 MP: 7/7
  3745 | D:5      | Entered Level 5 of the Dungeon
  3949 | D:5      | Found a glowing drain.
  3953 | Sewer    | Entered a sewer
  4170 | Sewer    | Reached skill level 9 in Short Blades
  4230 | Sewer    | Succumbed to kobold brigand's curare-tipped dart

Illustrated notes

Levels and vault maps discovered:
D:1:      dpeg_arrival_shrine, layout_loops_ring, minmay_misc_feat_ornament,
          minmay_pentomino_z2
D:2:      minmay_door_path, layout_basic, solitary_fountain, elyvilon_altar_3
D:3:      kennysheep_big_flooded_room, layout_basic
D:4:      corexii_shantytown, layout_basic, doesnt_xom_only_xom,
          general_overflow_altar, ebering_ghost_sewer_d
D:5:      layout_layer_cave, gup_sewer_entry_spiral, minmay_misc_feat_roman,
          uniq_prince_ribbit1
Sewer:    sewer_co_15_rooms

Skill      XL: |  1  2  3  4  5  6  7 |
---------------+----------------------+-----
Short Blades   | 3 4 6 7 8 9 |  9.1
Fighting       | |  1.7
Throwing       | |  1.5
Dodging        | |  1.1
Stealth        | |  5.8

Action                   |  1- 3 |  4- 6 |  7- 9 || total
-------------------------+-------+-------+-------++-------
Melee: Dagger            |    86 |    78 |       ||   164
       Bite              |    17 |    32 |     8 ||    57
       Short sword       |    68 |    95 |       ||   163
       War axe           |       |    87 |    53 ||   140
  Use: Scroll            |       |     5 |     4 ||     9
 Stab: Sleeping          |     4 |       |       ||     4
Armor: Robe              |     2 |       |       ||     2
       Scale mail        |    34 |       |       ||    34
       Chain mail        |    38 |   139 |    31 ||   208
Dodge: Dodged            |    60 |    96 |    15 ||   171
Block: Buckler           |       |    20 |     7 ||    27

Table legend: (Time is in decaauts)
 A = Elapsed time spent in this place.
 B = Non-inter-level travel time spent in this place.
 C = Inter-level travel time spent in this place.
 D = Time resting spent in this place.
 E = Time spent auto-exploring this place.
 F = Levels seen in this place.
 G = Mean time per level.
                   A        B        C        D        E       F      G
               +--------+--------+--------+--------+--------+-----+--------+
         Total |   4324 |   4205 |    119 |    142 |   2780 |   6 |  720.7 |
       Dungeon |   3965 |   3846 |    119 |    142 |   2565 |   5 |  793.0 |
         Sewer |    359 |    359 |      0 |      0 |    215 |   1 |  359.0 |
               +--------+--------+--------+--------+--------+-----+--------+

Top non-repeatable levels by time:
     D:4: 1067 daAuts
     D:3: 899 daAuts
     D:1: 888 daAuts
     D:2: 876 daAuts
   Sewer: 359 daAuts
     D:5: 235 daAuts
